 Dungeon Crawl Stone Soup version 0.31-a0-237-g2d982f9f85 (webtiles) character file.

Game seed: 13036047765414479838

93 qw the Shooter (level 4, -1/26 HPs)
             Began as a Gargoyle Hexslinger on July 10, 2023.
             Slain by a gnoll
             ... wielding a +0 whip
              (4 damage)
             ... on level 3 of the Dungeon.
             The game lasted 00:00:44 (1883 turns).

qw the Shooter (Gargoyle Hexslinger)                Turns: 1883, Time: 00:00:45

Health: -1/26      AC:  7    Str: 12    XL:     4   Next: 62%
Magic:  5/5        EV: 11    Int: 13    God:
Gold:   127        SH:  0    Dex: 14    Spells: 4/5 levels left

rFire   . . .        Y - +1 sling
rCold   . . .        (no shield)
rNeg    + . .        i - +0 leather armour
rPois   inf          (no helmet)
rElec   +            b - +0 cloak
rCorr   .            (no gloves)
SInv    .            (no boots)
Will    .....        (no amulet)
Stlth   +            (no ring)
HPRegen 0.24/turn    (no ring)
MPRegen 0.09/turn

%: no passive effects
@: about to teleport
A: sickness immunity, AC +3, negative energy resistance 1, electricity
resistance, torment resistance 1, petrification resistance
a: no special abilities


You were on level 3 of the Dungeon.
You visited 1 branch of the dungeon, and saw 3 of its levels.

You collected 163 gold pieces.
You spent 36 gold pieces at shops.


Innate Abilities, Weirdness & Mutations

You are immune to sickness and miasma.
Your stone body is resilient. (AC +3)
You are immune to poison.
You resist negative energy. (rN+)
You are resistant to electric shocks. (rElec)
You are resistant to unholy torment.
You are immune to petrification.


   Skills:
 - Level 2.0 Fighting
 + Level 4.4 Ranged Weapons
 - Level 1.5 Dodging
 - Level 1.0 Spellcasting
 - Level 2.6 Hexes


You had 4 spell levels left.
You knew the following spells:

 Your Spells              Type           Power      Damage    Failure   Level
a - Slow                  Hex            28%        N/A       12%         1

Your spell library contained the following spells:

 Spells                   Type           Power      Damage    Failure   Level
 Inner Flame              Hex/Fire       4%         N/A       52%         3
 Portal Projectile        Hex/Tloc       8%         N/A       52%         3
 Cause Fear               Hex            3%         N/A       75%         4

Inventory:

Hand Weapons
 Y - a +1 sling (weapon)
Armour
 b - a +0 cloak (worn)
 i - a +0 leather armour (worn)
Scrolls
 d - a scroll of enchant armour {unknown}
Potions
 a - a potion of invisibility {unknown}
 c - a potion of berserk rage {unknown}
 e - 2 potions of brilliance {unknown}
 f - a potion of lignification {unknown}
 h - 2 potions of curing
 j - a potion of resistance {unknown}
 k - a potion of degeneration {unknown}

Dungeon Overview and Level Annotations

Branches:
Dungeon (3/15)

Altars:
Dithmenos

Shops:
D:1 ?


Message History

The gnoll shouts!
The gnoll is lightly wounded.
You hear a shout! x2
You shoot a sling bullet.
The sling bullet closely misses the gnoll.
A gnoll comes into view. It is wielding a +0 whip.
You shoot a sling bullet. The sling bullet hits the gnoll.
The gnoll is moderately wounded.
The gnoll throws a throwing net.
The throwing net barely misses you.
You shoot a sling bullet.
The sling bullet barely misses the gnoll.
You hear a shout!
A gnoll comes into view. It is wielding a +0 club.
The gnoll hits you with a +0 whip. x2; The gnoll closely misses you.
You shoot a sling bullet. The sling bullet hits the gnoll.
The gnoll is moderately wounded.
The gnoll hits you but does no damage. The gnoll closely misses you.
You shoot a sling bullet.
The sling bullet barely misses the gnoll.
The gnoll hits you but does no damage. x2
You shoot a sling bullet.
The sling bullet hits the gnoll but does no damage.
The gnoll is moderately wounded.
The gnoll misses you. The gnoll barely misses you.
You shoot a sling bullet. The sling bullet hits the gnoll.
The gnoll is heavily wounded.
The gnoll hits you but does no damage. The gnoll hits you with a +0 whip. x3
You shoot a sling bullet. The sling bullet hits the gnoll.
The gnoll is almost dead.
The gnoll hits you with a +0 whip. x2
You shoot a sling bullet. The sling bullet hits the gnoll.
You kill the gnoll!
You shoot a sling bullet. The sling bullet hits the gnoll.
The gnoll is moderately wounded.
The gnoll hits you with a +0 whip.
1883 ||| READING scroll of teleportation.
As you read the scroll of teleportation, it crumbles to dust.
You feel strangely unstable. The gnoll hits you with a +0 whip.
You die...

..## #####... #......# .....
#...... .... ..... ... ... .. .
####g# .. . .. #..g@##.# .....
...#....##.# ..... ########
........##.# ...# .......#
###........###...###. )......#
###.................
.......##....(.............#
.......##..................#
.......##..................######
##+#+#..+...#######..............


You could see 2 gnolls.

Vanquished Creatures
  A gnoll (D:3)
  4 adders
  A worm (D:3)
  6 endoplasms
  A giant cockroach (D:2)
  5 hobgoblins (D:2)
  4 jackals (D:2)
  3 kobolds
  2 quokkas
  4 ball pythons
  6 bats
  3 frilled lizards
  A goblin (D:2)
  4 rats
45 creatures vanquished.

Notes
Turn   | Place    | Note
-------+----------+-------------------------------------------
     0 | D:1      | qw the Gargoyle Hexslinger began the quest for the Orb.
     0 | D:1      | Reached XP level 1. HP: 12/12 MP: 2/2
     0 | D:1      | 0 ||| qw: Version: 0.3-a-52-g30416fa
     0 | D:1      | 0 ||| qw: Game counter: 5292
     0 | D:1      | 0 ||| qw: Melee chars always use a shield: true
     0 | D:1      | 0 ||| qw: God list: Okawaru
     0 | D:1      | 0 ||| qw: Allow faded altars: false
     0 | D:1      | 0 ||| qw: Do Orc after clearing Dungeon:15 true
     0 | D:1      | 0 ||| qw: Do second Lair branch before Depths: true
     0 | D:1      | 0 ||| qw: Lair rune preference: random
     0 | D:1      | 0 ||| qw: Goals: Normal
     0 | D:1      | 0 ||| PLANNING D:1-11
   149 | D:1      | Found Xagish's Magic Scroll Boutique.
   152 | D:1      | 152 ||| SHOPLISTING 3 scrolls of identify (72 gold, have
                  | 46).
   152 | D:1      | 152 ||| SHOPLISTING scroll of enchant armour (90 gold, have
                  | 46).
   152 | D:1      | 152 ||| BUYING scroll of teleportation (36 gold).
   152 | D:1      | Bought a scroll of teleportation for 36 gold pieces
   152 | D:1      | 152 ||| SHOPLISTING scroll of teleportation (36 gold, have
                  | 10).
   306 | D:1      | Reached XP level 2. HP: 16/16 MP: 3/3
   583 | D:1      | 583 ||| UPGRADING to +0 leather armour.
   593 | D:1      | 593 ||| DROPPING +0 robe.
   594 | D:1      | 594 ||| READING scroll labelled YNKOLY YZUNTA.
   595 | D:1      | 595 ||| READING scroll labelled SITIGAE FOPATT.
   596 | D:1      | 596 ||| READING scroll labelled FAUNIY YSIMPO.
   597 | D:1      | 597 ||| DRINKING 2 metallic inky potions.
   598 | D:1      | 598 ||| DROPPING scroll of poison.
   636 | D:2      | Found a shadowy altar of Dithmenos.
   679 | D:2      | Reached skill level 3 in Ranged Weapons
   756 | D:2      | Reached XP level 3. HP: 20/21 MP: 4/4
  1112 | D:2      | Reached XP level 4. HP: 26/26 MP: 5/5
  1541 | D:2      | 1541 ||| UPGRADING to +0 cloak.
  1546 | D:2      | 1546 ||| READING scroll labelled ARGHUG CAR GIMN.
  1547 | D:2      | 1547 ||| READING scroll labelled TIETTI XUOXAMA.
  1650 | D:3      | Reached skill level 4 in Ranged Weapons
  1882 | D:3      | HP: 3/26 [gnoll/+0 whip (6)]
  1883 | D:3      | 1883 ||| READING scroll of teleportation.
  1883 | D:3      | Slain by a gnoll

Levels and vault maps discovered:
D:1:      tarquinn_simple_flora_water_e, layout_basic, serial_curves,
          eino_curves_03, eino_curves_02, eino_curves_02, serial_shops,
          nicolae_shop_tiny_real_fake_doors
D:2:      layout_basic, basic_altar, chequers_arboretum
D:3:      layout_basic

Skill      XL: |  1  2  3  4 |
---------------+-------------+-----
Ranged Weapons | 3 4 |  4.4
Fighting       | 2 |  2.0
Dodging        | |  1.5
Spellcasting   | |  1.0
Hexes          | |  2.6

Action                     |  1- 3 |  4- 6 || total
---------------------------+-------+-------++-------
   Fire: Sling             |   110 |    73 ||   183
    Use: Scroll            |     3 |     3 ||     6
         Potion            |     1 |       ||     1
 Armour: Robe              |     6 |       ||     6
         Leather armour    |    21 |    23 ||    44
  Dodge: Dodged            |    49 |    17 ||    66

Table legend:
 A = Non-vault XP
 B = Vault XP
 C = Vault XP percentage of total XP
 D = Non-vault monster count
 E = Vault monster count
 F = Vault count percentage of total count
                 A         B        C        D         E       F
            +---------+---------+-------+---------+---------+-------
      Total |     134 |       0 |   0.0 |      45 |       0 |   0.0
            +---------+---------+-------+---------+---------+-------
        D:1 |      12 |       0 |   0.0 |       8 |       0 |   0.0
        D:2 |      80 |       0 |   0.0 |      29 |       0 |   0.0
        D:3 |      42 |       0 |   0.0 |       8 |       0 |   0.0
            +---------+---------+-------+---------+---------+-------
